 Dungeon Crawl Stone Soup version 0.31-a0-1576-ga3383bade6 (webtiles) character file.

Game seed: 4129750956206335811

1686 Borgoz the Cudgeller (level 9, 0/55 HPs)
             Began as a Gargoyle Berserker on Dec 17, 2023.
             Was an Elder of Trog.
             Slain by a komodo dragon (16 damage)
             ... on level 6 of the Dungeon on Jan 4, 2024.
             The game lasted 00:09:51 (4475 turns).

Borgoz the Cudgeller (Gargoyle Berserker)           Turns: 4475, Time: 00:09:52

Health: 0/55       AC: 18    Str: 27    XL:     9   Next: 2%
Magic:  9/9        EV: 12    Int:  8    God:    Trog [****..]
Gold:   430        SH:  0    Dex: 13    Spells: 8/8 levels left

rFire   . . .        k - +5 hammer of the Heart {freeze, rPois rC+}
rCold   + + .        (no shield)
rNeg    + . .        n - +0 ring mail
rPois   ∞            u - +2 hat
rElec   +            l - +1 cloak
rCorr   .            (no gloves)
SInv    .            e - +0 pair of boots
Will    ++...        (no amulet)
Stlth   ++           f - +6 ring of strength
HPRegen 1.29/turn    m - ring of protection from cold
MPRegen 0.11/turn

%: no passive effects
@: strong-willed, on berserk cooldown, regenerating, slowed, very slow
A: sickness immunity, AC +6, negative energy resistance 1, electricity
resistance, torment resistance 1, petrification resistance
a: Renounce Religion, Berserk, Trog's Hand, Brothers in Arms


You were on level 6 of the Dungeon.
You worshipped Trog.
Trog was greatly pleased with you.
You visited 1 branch of the dungeon, and saw 7 of its levels.

You collected 430 gold pieces.

Inventory:

Hand Weapons
 b - a +2 flail of holy wrath
 k - the +5 hammer of the Heart (weapon) {freeze, rPois rC+}
   (You found it on level 2 of the Dungeon)

   rC+:       It protects you from cold.
   rPois:     It protects you from poison
Armour
 e - a +0 pair of boots (worn)
 l - a +1 cloak (worn)
 n - a +0 ring mail (worn)
 u - a +2 hat (worn)
Jewellery
 f - a +6 ring of strength (left hand)
 m - a ring of protection from cold (right hand)
Scrolls
 h - a scroll of blinking
 o - 2 scrolls of revelation
 p - a scroll of enchant weapon
 q - 2 scrolls of teleportation
 y - a scroll of immolation
Potions
 c - 2 potions of heal wounds
 d - a potion of enlightenment {unknown}
 g - 2 potions of ambrosia {unknown}
 i - 3 potions of lignification {unknown}
 j - 2 potions of mutation {unknown}
 r - 2 potions of curing {unknown}
 s - 2 potions of might {unknown}
 t - 2 potions of haste {unknown}
 v - a potion of berserk rage {unknown}
 x - a potion of attraction {unknown}
 z - a potion of invisibility {unknown}


   Skills:
 + Level 6.0 Fighting
 * Level 7.2 Maces & Flails
 + Level 5.4 Armour
 + Level 4.0 Dodging
 - Level 5.0 Stealth


You had 8 spell levels left.
You didn't know any spells.
Your spell library was empty.

Dungeon Overview and Level Annotations

Branches:
Dungeon (7/15)
 Temple: D:4-7

Altars:
Fedhas
Gozag
Kikubaaqudgha
Okawaru
Ru
Yredelemnul
Zin


Innate Abilities, Weirdness & Mutations

You are immune to sickness and miasma.
Your stone body is resilient. (AC +6)
You are immune to poison.
You resist negative energy. (rN+)
You are resistant to electric shocks. (rElec)
You are resistant to unholy torment.
You are immune to petrification.


Message History

You completely miss the komodo dragon.
The komodo dragon is heavily wounded.
The komodo dragon misses you.
You barely miss the komodo dragon.
The komodo dragon is heavily wounded.
You barely miss the komodo dragon.
The komodo dragon is heavily wounded.
The komodo dragon closely misses you.
You feel a strong urge to attack something.
The komodo dragon attacks as it pursues you!
The komodo dragon barely misses you.
You see here a +0 club.
You are no longer berserk.
You are exhausted.
You feel yourself slow down.
There is an open gate here.
You see here a flux talisman.
You see here a +1 mace.
There's a creature in the gateway!
Okay, then.
Okay, then.
Your skin crawls.
You feel strong-willed. The komodo dragon closely misses you.
It was a potion of heal wounds.
You feel much better.
The komodo dragon bites you but does no damage.
The komodo dragon bites you!!
* * * LOW HITPOINT WARNING * * *
The komodo dragon attacks as it pursues you!
The komodo dragon barely misses you.
You fail to use your ability.
The komodo dragon bites you but does no damage.
The komodo dragon barely misses you.
You fail to use your ability.
The komodo dragon bites you but does no damage.
You fail to use your ability.
The komodo dragon bites you but does no damage.
The komodo dragon barely misses you.
You fail to use your ability.
The komodo dragon bites you!
You die...

...####.#...# #.#
............# #.#
........##### #.#
.......##..(## #.#
..<...##.....#####.#
......#..>....'..#.#
#.....#....>..'..#.#
#.....#..>...)%).#.#
#.....##.....##l@..#
###.#####...########
#.# ##### #.# #..#
#.# #..# #.# #..#
#.######..#
#..)...(..#
#.#######.#


You could see a komodo dragon.

Vanquished Creatures
  Menkaure (D:4)
  A sky beast (D:6)
  A black bear (D:6)
  A centaur (D:6)
  An ogre (D:5)
  Blork the orc (D:4)
  3 necrophages (D:5)
  3 scorpions (D:5)
  A water moccasin zombie (D:5)
  3 howler monkeys (D:6)
  2 bullfrog zombies (D:5)
  A hound (D:6)
  A jelly (D:4)
  An orc priest (D:5)
  Crazy Yiuf (D:2)
  Terence (D:3)
  Natasha (twice) (D:3)
  An iguana (D:4)
  5 orc wizards
  8 adders
  A shadow imp (D:5)
  A white imp (D:5)
  2 ufetubi (D:5)
  2 ribbon worms
  14 orcs
  8 ball pythons
  12 endoplasms
  5 giant cockroaches
  7 hobgoblins
  4 jackals
  6 quokkas
  5 bats
  A frilled lizard (D:2)
  7 goblins
  A kobold (D:4)
  7 rats
122 creatures vanquished.

Notes
Turn   | Place    | Note
-------+----------+-------------------------------------------
     0 | D:1      | Borgoz the Gargoyle Berserker began the quest for the Orb.
     0 | D:1      | Reached XP level 1. HP: 14/14 MP: 1/1
    30 | D:1      | Reached XP level 2. HP: 14/19 MP: 2/2
   192 | D:1      | Reached skill level 1 in Stealth
   289 | D:1      | Reached XP level 3. HP: 23/23 MP: 3/3
   289 | D:1      | Reached ** piety under Trog
   543 | D:2      | Found a faded altar of an unknown god.
   708 | D:2      | Reached XP level 4. HP: 29/29 MP: 4/4
  1072 | D:2      | Identified the +5 hammer of the Heart {freeze, rPois rC+}
  1079 | D:2      | Found a runed translucent door.
  1080 | D:2      | Noticed Crazy Yiuf
  1127 | D:2      | Killed Crazy Yiuf
  1363 | D:3      | Noticed Natasha
  1368 | D:3      | Killed Natasha
  1369 | D:3      | Reached skill level 4 in Maces & Flails
  1369 | D:3      | Reached XP level 5. HP: 24/33 MP: 5/5
  1443 | D:3      | Noticed Terence
  1451 | D:3      | Killed Terence
  1550 | D:3      | Found an opulent altar of Gozag.
  1798 | D:3      | Noticed Natasha
  1803 | D:3      | Killed Natasha
  1819 | D:3      | Found a sacrificial altar of Ru.
  1841 | D:3      | Identified the +0 dagger of Malum In Se {chaos, rN+ rCorr
                  | Stlth+}
  2018 | D:4      | Noticed Menkaure
  2022 | D:4      | Reached XP level 6. HP: 26/38 MP: 6/6
  2027 | D:4      | Killed Menkaure
  2153 | D:4      | Noticed Blork the orc
  2161 | D:4      | Killed Blork the orc
  2162 | D:4      | Reached skill level 5 in Maces & Flails
  2389 | D:4      | Found a basalt altar of Yredelemnul.
  2545 | D:4      | Reached *** piety under Trog
  2548 | D:4      | Reached XP level 7. HP: 43/44 MP: 7/7
  2825 | D:5      | Entered Level 5 of the Dungeon
  3053 | D:5      | Reached skill level 5 in Fighting
  3147 | D:5      | Found a blossoming altar of Fedhas.
  3180 | D:5      | Found an ancient bone altar of Kikubaaqudgha.
  3194 | D:5      | Reached XP level 8. HP: 45/49 MP: 8/8
  3260 | D:5      | Reached skill level 6 in Maces & Flails
  3383 | D:5      | Upgraded the game from 0.31-a0-1278-g11c5b68f87 to
                  | 0.31-a0-1576-ga3383bade6
  3429 | D:5      | Found an iron altar of Okawaru.
  3884 | D:6      | Reached **** piety under Trog
  3898 | D:6      | Reached skill level 5 in Armour
  3991 | D:6      | Reached skill level 7 in Maces & Flails
  4292 | D:6      | Reached skill level 5 in Stealth
  4292 | D:6      | Reached XP level 9. HP: 55/55 MP: 9/9
  4316 | D:6      | Found a glowing silver altar of Zin.
  4446 | D:7      | Noticed a komodo dragon
  4460 | D:6      | HP: 1/82 [komodo dragon (19)]
  4475 | D:6      | Slain by a komodo dragon

Illustrated notes

Levels and vault maps discovered:
D:1:      wander_arrival_chamber, layout_rooms
D:2:      layout_rooms, shapermc_ecumenical_altar_mp_ritualfount,
          minmay_door_square, minmay_misc_feat_secret_circle,
          serial_bayou_pond_b, uniq_crazy_yiuf_cottage
D:3:      layout_loops_cross, grunt_gozag_breadcrumbs, nicolae_ru_path_of_blood,
          grunt_ministairs_10, nrook_campfire, uniq_terence, uniq_natasha
D:4:      layout_cave_pods, mainiacjoe_overflow_small_starburst,
          hangedman_abyss_or_decor_jellyfish_corner, uniq_menkaure,
          uniq_blork_the_orc
D:5:      layout_loops_ring, okawaru_ov_weapons_minmay, old_standard_altar,
          fedhas_altar_decomposition, guppyfry_early_lair_pool
D:6:      layout_loops_ring, zin_treasury, kennysheep_windowed_goal
D:7:      layout_rooms, lemuel_round_altar, tgw_sif,
          minmay_temple_entry_poolview, grunt_ministairs_14

Skill      XL: |  1  2  3  4  5  6  7  8 |
---------------+-------------------------+-----
Stealth        | 1 2 3 5 |  5.0
Dodging        | 2 3 4 |  4.0
Maces & Flails | 4 5 7 |  7.2
Fighting       | 4 5 6 |  6.0
Armour         | 3 4 5 |  5.4

Action                     |  1- 3 |  4- 6 |  7- 9 || total
---------------------------+-------+-------+-------++-------
  Melee: Mace              |   107 |    78 |   195 ||   380
         Punch             |       |       |     3 ||     3
 Invoke: Berserk           |     2 |     2 |     3 ||     7
         Trog's Hand       |       |       |     1 ||     1
    Use: Scroll            |     5 |     4 |     2 ||    11
         Potion            |       |       |     1 ||     1
   Stab: Sleeping          |     1 |     2 |     3 ||     6
 Armour: Animal skin       |    79 |    36 |    27 ||   142
         Ring mail         |       |       |    99 ||    99
  Dodge: Dodged            |    85 |    39 |   137 ||   261

Table legend: (Time is in decaauts)
 A = Elapsed time spent in this place.
 B = Non-inter-level travel time spent in this place.
 C = Inter-level travel time spent in this place.
 D = Time resting spent in this place.
 E = Time spent auto-exploring this place.
 F = Levels seen in this place.
 G = Mean time per level.
                   A        B        C        D        E       F      G
               +--------+--------+--------+--------+--------+-----+--------+
         Total |   4584 |   4335 |    249 |    239 |   3118 |   7 |  654.9 |
       Dungeon |   4584 |   4335 |    249 |    239 |   3118 |   7 |  654.9 |
               +--------+--------+--------+--------+--------+-----+--------+

Top non-repeatable levels by time:
     D:5: 1023 daAuts
     D:4: 874 daAuts
     D:2: 774 daAuts
     D:3: 768 daAuts
     D:6: 631 daAuts
     D:1: 488 daAuts
     D:7: 22 daAuts
